Map: Bel'Shir Vestige LE (Void)

Players

Loken - Winner!

  • Race: Zerg Zerg
  • League: Platinum
  • Spawn Location: 11:00

Natiking

  • Race: Protoss Protoss
  • Spawn Location: 5:00

VOD

Have the link to the VOD?

Description

Time

  • Played on: April 10, 2017, 6:23 p.m.
  • Length: 14:14
Show
View Real Time Build Order
Export as new Build Order

Loken Zerg - Winner!

Build Orders: Hatch First 

Get SALT Encoding   

  12  0:02  Drone  
  13  0:09  Drone  
  14  0:19  Overlord  
  14  0:37  Drone x3  
  17  0:56  Drone  
  17  0:57  Hatchery  
  17  1:02  Drone  
  18  1:11  Drone  
  19  1:19  Spawning Pool  
  19  1:24  Drone, Extractor  
  18  1:29  Extractor  
  17  1:35  Drone  
  18  1:47  Overlord  
  18  2:08  Queen  
  18  2:09  Queen  
  18  2:12  Spine Crawler  
  18  2:15  Zergling x8  
  25  2:31  Drone x2  
  27  2:50  Drone  
  31  2:51  Drone x3  
  31  2:54  Metabolic Boost  
  31  3:00  Drone x2  
  33  3:12  Drone  
  34  3:13  Drone  
  35  3:22  Overlord  
  35  3:24  Overlord  
  35  3:39  Drone  
  35  3:40  Queen  
  38  3:41  Lair  
  38  3:45  Roach Warren  
  37  4:03  Drone x5  
  37  4:04  Drone x3  
  45  4:19  Drone x2  
  45  4:20  Drone x4  
  51  4:41  Overlord x4  
  51  4:47  Infestation Pit, Queen  
  51  4:50  Spore Crawler  
  51  4:54  Spore Crawler  
  51  4:56  Spore Crawler  
  49  5:06  Zergling x16  
  57  5:20  Evolution Chamber x2  
  55  5:22  Drone x5  
  55  5:23  Evolution Chamber  
  59  5:33  Queen  
  61  5:52  Hive  
  61  5:55  Hatchery  
  60  6:00  Zergling x4  
  60  6:01  Zergling x12  
  68  6:37  Zergling x2  
  68  6:38  Zergling x10  
  74  6:49  Hatchery  
  74  6:51  Hatchery  
  74  6:52  Zerg Melee Weapons Level 1  
  74  6:53  Zerg Ground Armor Level 1  
  72  7:20  Drone x9  
  72  7:21  Drone x4  
  85  7:29  Pneumatized Carapace  
  85  7:31  Adrenal Glands  
  85  7:33  Glial Reconstitution  
  85  7:36  Zerg Missile Weapons Level 1  
  85  7:37  Overlord x2  
  85  7:42  Extractor x2  
  83  7:44  Extractor  
  83  7:45  Drone x5, Extractor  
  86  8:22  Zergling x2  
  86  8:23  Zergling x22  
  98  8:31  Spire  
  98  8:34  Ultralisk Cavern  
  96  8:47  Zergling x2  
  96  8:48  Zergling x30  
  112  9:02  Zergling x2  
  113  9:03  Zergling x10  
  113  9:04  Overlord  
  113  9:05  Overlord x4  
  118  9:35  Hatchery  
  117  9:56  Corruptor x3  
  117  9:57  Corruptor x9  
  141  10:04  Greater Spire  
  141  10:35  Corruptor  
  141  10:36  Corruptor x4  
  151  10:47  Overlord x6  
  129  11:18  Brood Lord x4  
  137  11:20  Brood Lord  
  105  12:28  Ultralisk  
  105  12:29  Ultralisk x4  
  135  12:34  Chitinous Plating  
  108  13:02  Brood Lord  
  108  13:03  Brood Lord  
Show
View Real Time Build Order
Export as new Build Order

Natiking Protoss 

Build Orders: Zealot Archon 

Get SALT Encoding   

  12  0:01  Probe (Chrono Boost)  
  13  0:12  Probe (Chrono Boost)  
  14  0:22  Probe (Chrono Boost)  
  14  0:23  Pylon  
  15  0:41  Probe (Chrono Boost)  
  16  0:43  Gateway  
  16  0:49  Assimilator  
  16  0:52  Probe (Chrono Boost)  
  17  1:02  Probe (Chrono Boost)  
  18  1:08  Gateway  
  18  1:14  Probe (Chrono Boost)  
  19  1:21  Pylon  
  19  1:24  Probe (Chrono Boost)  
  20  1:30  Zealot  
  22  1:35  Probe (Chrono Boost)  
  23  1:45  Probe (Chrono Boost)  
  24  1:50  Cybernetics Core  
  24  1:55  Zealot  
  26  2:02  Gateway  
  26  2:07  Zealot  
  28  2:19  Probe (Chrono Boost)  
  28  2:21  Warp Gate  
  28  2:22  Zealot  
  31  2:40  Pylon  
  31  2:42  Pylon  
  31  2:58  Stalker, Sentry  
  34  3:11  Nexus  
  34  3:14  Pylon  
  34  3:30  Robotics Facility  
  34  3:33  Zealot  
  38  3:34  Zealot  
  38  3:46  Mothership Core (Chrono Boost)  
  38  3:47  Assimilator  
  40  4:06  Probe (Chrono Boost)  
  42  4:18  Probe (Chrono Boost)  
  42  4:29  Zealot x2  
  42  4:30  Zealot  
  48  4:33  Probe (Chrono Boost)  
  49  4:43  Probe x2 (Chrono Boost)  
  51  4:50  Gateway  
  51  4:52  Gateway  
  51  4:55  Probe (Chrono Boost)  
  51  4:57  Forge  
  52  5:05  Probe (Chrono Boost)  
  54  5:08  Assimilator, Probe (Chrono Boost)  
  54  5:16  Probe (Chrono Boost)  
  55  5:21  Twilight Council  
  55  5:25  Zealot x3  
  55  5:26  Probe (Chrono Boost)  
  62  5:31  Protoss Ground Weapons Level 1  
  62  5:36  Observer  
  63  5:49  Probe (Chrono Boost)  
  64  5:57  Observer  
  64  5:58  Charge  
  64  5:59  Probe (Chrono Boost)  
  66  6:08  Assimilator  
  66  6:10  Probe (Chrono Boost)  
  66  6:11  Zealot  
  69  6:17  Pylon  
  69  6:18  Pylon  
  69  6:19  Pylon  
  69  6:20  Pylon x2  
  69  6:21  Probe (Chrono Boost)  
  70  6:46  Templar Archives  
  70  6:49  Zealot  
  70  6:50  Zealot  
  74  6:54  Probe (Chrono Boost)  
  75  7:12  Immortal  
  79  7:30  High Templar x2  
  79  7:32  Probe (Chrono Boost)  
  79  7:34  Protoss Ground Armor Level 1  
  84  7:40  Zealot x2  
  88  7:44  Archon  
  88  7:51  Immortal  
  88  7:55  Zealot  
  94  8:00  Probe (Chrono Boost)  
  95  8:09  High Templar  
  95  8:10  High Templar, Probe (Chrono Boost)  
  100  8:21  Probe (Chrono Boost)  
  100  8:24  Archon  
  101  8:29  Sentry x2  
  101  8:31  Immortal  
  109  8:47  Nexus  
  109  8:48  Pylon  
  109  8:50  Gateway  
  109  8:53  Gateway  
  109  8:54  Pylon  
  109  8:57  Gateway  
  109  9:05  Pylon  
  109  9:07  Pylon  
  109  9:10  Immortal  
  109  9:15  High Templar  
  109  9:16  High Templar  
  117  9:17  Zealot x3  
  123  9:27  Archon  
  123  9:35  Probe (Chrono Boost)  
  124  10:03  Zealot x3  
  130  10:07  Stalker x2  
  130  10:08  Stalker x3  
  140  10:20  Protoss Ground Weapons Level 2  
  140  10:24  High Templar x2  
  140  10:25  Zealot  
  146  10:30  Archon  
  146  10:33  Probe (Chrono Boost)  
  140  10:44  Probe (Chrono Boost)  
  140  11:10  Zealot  
  140  11:11  Zealot x2  
  132  11:12  Zealot  
  121  11:28  Zealot  
  121  11:29  Zealot x2  
  121  11:30  Zealot  
  104  11:49  High Templar x4  
  104  11:50  High Templar  
  114  11:54  Archon  
  114  11:55  Archon  
Tags
 
Add a new tag
Caveats
  • Supply blocks, unpowered buildings, or Contaminate may cause inaccurate times.
  • Supply counts are checked every 10 seconds.